Map: Catalyst LE

Players

IagoAbreu - Winner!

  • Race: Terran Terran
  • League: Silver
  • Spawn Location: 11:00

GankBotPlis

  • Race: Zerg Zerg
  • Spawn Location: 5:00

VOD

Have the link to the VOD?

Description

Time

  • Played on: March 1, 2018, 11:18 a.m.
  • Length: 16:32
Show
View Real Time Build Order
Export as new Build Order

IagoAbreu Terran - Winner!

Build Orders:  

Get SALT Encoding   

  12  0:12  Supply Depot  
  13  0:14  SCV  
  13  0:23  Supply Depot  
  13  0:28  SCV  
  14  0:40  SCV  
  15  0:49  Barracks  
  15  0:52  SCV  
  16  1:00  Refinery  
  16  1:05  Refinery  
  16  1:08  SCV  
  17  1:20  SCV  
  18  1:31  Barracks  
  18  1:32  SCV  
  19  1:44  SCV  
  20  1:47  Engineering Bay  
  20  1:49  Marine  
  21  1:56  SCV  
  22  2:11  Marine  
  18  2:31  Barracks Reactor  
  18  2:32  Barracks Reactor  
  18  2:43  SCV  
  19  2:58  SCV  
  20  3:05  Factory  
  20  3:10  SCV  
  21  3:19  Marine x2  
  23  3:21  Marine  
  23  3:22  SCV  
  23  3:24  Marine  
  26  3:34  SCV  
  26  3:38  Supply Depot  
  26  3:45  Marine x2  
  22  3:57  Cyclone  
  18  4:38  Marine x3  
  19  4:39  Marine  
  22  4:47  Terran Infantry Weapons Level 1  
  22  4:56  SCV  
  23  5:03  Marine x2  
  23  5:04  Marine x2  
  27  5:15  Orbital Command  
  27  5:22  Hellion  
  29  5:33  Marine  
  29  5:34  Marine x2  
  29  5:35  Marine  
  33  5:41  SCV  
  34  5:51  Hellion  
  36  5:57  SCV  
  37  6:12  SCV  
  38  6:20  Supply Depot  
  38  6:24  SCV, Supply Depot  
  39  6:41  Marine x4  
  39  6:42  SCV, Cyclone  
  47  6:50  Terran Infantry Armor Level 1  
  47  7:01  SCV  
  48  7:09  Starport  
  48  7:14  Starport  
  48  7:25  SCV  
  49  7:35  Supply Depot  
  49  7:37  SCV  
  49  7:38  Marine x3  
  49  7:41  Marine  
  54  7:53  SCV  
  55  8:09  Armory  
  55  8:14  Marine x4  
  55  8:18  Starport Reactor  
  55  8:19  Starport Reactor  
  59  8:29  Factory Reactor  
  59  8:40  Command Center  
  59  8:44  Marine x4  
  63  9:17  Liberator x2, Refinery, Terran Vehicle Weapons Level 1  
  63  9:19  Terran Infantry Weapons Level 2  
  63  9:38  Supply Depot  
  69  9:59  Orbital Command  
  69  10:02  SCV  
  70  10:13  Marine x4  
  74  10:15  SCV  
  75  10:24  Supply Depot  
  75  10:27  SCV  
  76  10:37  Marine x4  
  76  10:39  SCV, Cyclone  
  84  10:43  Cyclone  
  87  10:50  SCV  
  87  10:56  Supply Depot  
  93  10:57  Liberator x2  
  88  11:02  SCV  
  88  11:03  Reaper x2  
  88  11:04  Reaper x2  
  101  11:18  Hellion  
  101  11:19  Hellion  
  101  11:22  Supply Depot  
  103  11:29  Terran Ship Weapons Level 1  
  103  11:39  Refinery  
  103  11:44  SCV  
  104  11:54  Supply Depot  
  104  11:56  Marine x3, SCV  
  104  11:57  Marine  
  109  12:06  Cyclone x2  
  115  12:09  SCV  
  116  12:21  SCV  
  120  12:26  Terran Infantry Weapons Level 3  
  117  12:45  Marine x2  
  117  12:46  Marine x2  
  121  13:01  Liberator x2  
  121  13:02  Liberator, Hellion x2  
  121  13:03  Marine  
  121  13:04  Liberator  
  126  13:12  Marine x3, Supply Depot  
  138  13:21  Marine  
  142  13:31  Marine x3, Hellion x2  
  149  13:35  Supply Depot  
  149  13:37  Supply Depot  
  149  13:39  Marine  
  150  13:53  Cyclone x2  
  156  13:57  Marine x2  
  156  13:58  Marine x2  
  160  14:07  Viking x2  
  164  14:25  Missile Turret  
  164  14:29  Missile Turret  
  160  15:15  Viking x2  
  160  15:16  Viking x2  
  160  15:17  Barracks Tech Lab x2  
  168  15:23  Cyclone x2  
  154  15:45  Viking x2  
  154  15:46  Viking x2  
Show
View Real Time Build Order
Export as new Build Order

GankBotPlis Zerg 

Build Orders: Pool First 

Get SALT Encoding   

  12  0:20  Spawning Pool  
  11  1:06  Zergling x2  
  11  1:07  Zergling x4  
  14  1:18  Extractor  
  14  1:25  Overlord  
  13  1:44  Roach Warren  
  12  1:50  Drone x2  
  12  1:51  Drone  
  12  2:31  Roach x3  
  18  3:07  Hatchery  
  17  3:17  Drone x3, Extractor  
  13  4:39  Roach x3  
  19  5:01  Drone x3  
  22  5:18  Queen  
  24  5:23  Queen  
  26  5:29  Roach  
  26  5:32  Overlord x2  
  28  5:42  Overlord  
  28  6:26  Drone  
  28  6:27  Drone x2  
  31  6:48  Drone x2  
  33  7:22  Drone x3  
  36  7:28  Extractor  
  35  7:38  Evolution Chamber  
  35  7:40  Roach x3  
  35  7:41  Roach x2  
  35  7:43  Roach  
  46  7:47  Metabolic Boost  
  46  8:17  Roach  
  46  8:18  Roach x2  
  46  8:19  Overlord  
  52  9:06  Drone  
  52  9:07  Drone x5  
  52  9:08  Extractor  
  57  9:35  Roach  
  57  9:37  Overlord  
  59  9:39  Overlord  
  59  9:41  Overlord  
  59  10:02  Hatchery  
  58  10:16  Roach x3  
  64  10:29  Lair  
  64  11:10  Overlord x2  
  64  11:12  Roach x4  
  72  11:18  Drone  
  73  12:31  Drone x3  
  73  12:32  Drone x2  
  73  12:37  Roach x7  
  84  12:38  Roach x3  
  98  12:47  Overlord x3  
  98  13:22  Drone x3  
  101  13:31  Roach x3  
  101  13:32  Roach x3  
  113  13:41  Roach x3  
  119  13:57  Baneling Nest  
  119  14:02  Drone x4  
  122  14:09  Zerg Melee Weapons Level 1  
  122  14:13  Glial Reconstitution  
  122  15:00  Hatchery  
  41  15:40  Spire  
  40  15:47  Spire  
  38  16:08  Hydralisk Den  
Tags
 
League
Silver
Matchup
TvZ
Opening
Pool First
Spawn Locations
Cross Positions
Add a new tag
Caveats
  • Supply blocks, unpowered buildings, or Contaminate may cause inaccurate times.
  • Supply counts are checked every 10 seconds.